 Dungeon Crawl Stone Soup version 0.30.0-30-g96aa6591b8 (webtiles) character file.

Game seed: 9815252881612291158

102 LustLizard the Digger (level 4, 0/25 HPs)
             Began as a Gargoyle Earth Elementalist on July 1, 2023.
             Slain by Terence
             ... wielding a +0 mace
              (6 damage)
             ... on level 2 of the Dungeon.
             The game lasted 00:02:02 (1492 turns).

LustLizard the Digger (Gargoyle Earth Elementalist) Turns: 1492, Time: 00:02:03

Health: 0/25       AC:  8    Str: 11    XL:     4   Next: 78%
Magic:  0/7        EV: 11    Int: 18    God:
Gold:   20         SH:  0    Dex: 10    Spells: 4/8 levels left

rFire   . . .        c - +0 dagger
rCold   + . .        (no shield)
rNeg    + . .        o - +2 leather armour {rC+}
rPois   ∞            (no helmet)
rElec   +            (no cloak)
rCorr   .            (no gloves)
SInv    .            (no boots)
Will    .....        (no amulet)
Stlth   ++           (no ring)
HPRegen 0.24/turn    (no ring)
MPRegen 0.10/turn

%: no passive effects
@: no status effects
A: sickness immunity, AC +3, negative energy resistance 1, electricity
resistance, torment resistance 1, petrification resistance
a: no special abilities


You were on level 2 of the Dungeon.
You visited 1 branch of the dungeon, and saw 2 of its levels.

You collected 20 gold pieces.

Inventory:

Hand Weapons
 c - a +0 dagger (weapon)
Missiles
 d - a throwing net
 m - 6 poisoned darts
Armour
 a - a +0 robe
 o - a +2 leather armour of cold resistance (worn)
Scrolls
 e - a scroll of magic mapping {unknown}
 f - a scroll of enchant weapon {unknown}
 g - a scroll of vulnerability {unknown}
 l - a scroll of amnesia {unknown}
 n - a scroll of identify {unknown}
Potions
 b - a potion of magic
 h - a potion of flight {unknown}
 i - a potion of invisibility {unknown}
 j - 2 potions of curing {unknown}
 k - a potion of haste {unknown}


   Skills:
 + Level 1.5 Fighting
 - Level 1.5 Dodging
 + Level 3.0 Stealth
 + Level 2.5 Spellcasting
 * Level 1.6 Conjurations
 - Level 0.7 Transmutations
 * Level 4.7 Earth Magic


You had 4 spell levels left.
You knew the following spells:

 Your Spells              Type           Power      Damage    Failure   Level
a - Sandblast             Erth           38%        2d10      3%          1
b - Stone Arrow           Conj/Erth      26%        3d8       19%         3

Your spell library contained the following spells:

 Spells                   Type           Power      Damage    Failure   Level
 Passwall                 Tmut/Erth      10%        N/A       11%         2
 Petrify                  Tmut/Erth      12%        N/A       58%         4


Dungeon Overview and Level Annotations

Branches:
Dungeon (2/15)

Altars:

Shops:
D:1 =

Annotations:
D:2 Terence


Innate Abilities, Weirdness & Mutations

You are immune to sickness and miasma.
Your stone body is resilient. (AC +3)
You are immune to poison.
You resist negative energy. (rN+)
You are resistant to electric shocks. (rElec)
You are resistant to unholy torment.
You are immune to petrification.


Message History

Aim: Terence, wielding a +0 mace and wearing a +0 scale mail (moderately wounded, 84% to hit)
The blast of sand hits Terence.
Terence is heavily wounded.
Terence barely misses you.
Terence asks, "Do you want it fast or slow?"
Terence hits you with a +0 mace.
You don't have enough magic to cast this spell.
Unknown command.
You closely miss Terence.
Terence is heavily wounded.
Terence barely misses you.
You barely miss Terence.
Terence is heavily wounded.
Terence misses you.
You hit Terence but do no damage.
Terence is heavily wounded.
Terence hits you but does no damage.
You hit Terence but do no damage.
Terence is heavily wounded.
Terence barely misses you.
You hit Terence but do no damage.
Terence is heavily wounded.
Terence closely misses you.
You hit Terence but do no damage.
Terence is heavily wounded.
Terence hits you but does no damage.
You closely miss Terence.
Terence is heavily wounded.
Terence hits you with a +0 mace.
You barely miss Terence.
Terence is heavily wounded.
Terence hits you with a +0 mace.
* * * LOW HITPOINT WARNING * * *
Aiming: Sandblast (safe; 3% risk of failure)
Press: ? - help, Q - select action, (/) - cycle Shift-Dir - straight line, f/p - Terence
Aim: Terence, wielding a +0 mace and wearing a +0 scale mail (heavily wounded, 84% to hit)
The blast of sand hits Terence but does no damage.
Terence is heavily wounded.
Terence hits you with a +0 mace.
You die...

#...........##.....##.....##
##......>......######.#####
#..#..........## #.#
#†##..........## #.#
#.##...........## #.#
##.##............# #.#
#..##....).....#.# #.#
#.####........##.# #.# ..#
##......).##@# ###
#..........#.@..#
#####..........####....#
...............# #.$#
.####..........# ## ##
#..........# ##........##
##......## ########


You could see Terence.

Vanquished Creatures
  Jessica (D:2)
  4 adders (D:2)
  A worm (D:2)
  2 dart slugs (D:1)
  4 ball pythons
  4 endoplasms
  A giant cockroach (D:1)
  4 goblins (D:1)
  A hobgoblin (D:2)
  2 jackals (D:1)
  2 bats (D:2)
  A frilled lizard (D:2)
  5 kobolds
  2 rats (D:1)
34 creatures vanquished.

Notes
Turn   | Place    | Note
-------+----------+-------------------------------------------
     0 | D:1      | LustLizard the Gargoyle Earth Elementalist began the quest
                  | for the Orb.
     0 | D:1      | Reached XP level 1. HP: 10/10 MP: 3/3
   178 | D:1      | Reached XP level 2. HP: 11/16 MP: 1/5
   407 | D:1      | Reached skill level 4 in Earth Magic
   589 | D:1      | Found Vouqushotz's Jewellery Boutique.
   618 | D:1      | Reached skill level 1 in Fighting
   870 | D:2      | Reached XP level 3. HP: 20/20 MP: 3/6
   874 | D:2      | Learned a level 3 spell: Stone Arrow
   952 | D:2      | Noticed Jessica
   954 | D:2      | Killed Jessica
   955 | D:2      | Reached skill level 1 in Conjurations
   955 | D:2      | Reached XP level 4. HP: 25/25 MP: 5/7
  1475 | D:2      | Noticed Terence
  1492 | D:2      | Slain by Terence

Illustrated notes

Levels and vault maps discovered:
D:1:      dpeg_arrival_connections, layout_loops_ring, serial_shops,
          nicolae_lakefront_shop, chequers_serial_rivers_room_b
D:2:      layout_rooms, uniq_terence, uniq_jessica

Skill      XL: |  1  2  3  4 |
---------------+-------------+-----
Earth Magic    | 4 |  4.7
Fighting       | 1 |  1.5
Conjurations   | 1 |  1.6
Stealth        | 3 |  3.0
Dodging        | |  1.5
Spellcasting   | |  2.5
Transmutations | |  0.7

Action                     |  1- 3 |  4- 6 || total
---------------------------+-------+-------++-------
  Melee: Unarmed           |     2 |       ||     2
         Dagger            |       |     8 ||     8
   Cast: Sandblast         |    26 |    29 ||    55
 Armour: Robe              |     5 |       ||     5
         Leather armour    |       |     2 ||     2
  Dodge: Dodged            |     2 |    11 ||    13
